 Dungeon Crawl Stone Soup version 0.23-a0-860-g8ff03fb (webtiles) character file.

6147 Amnesiac the Slicer (level 10, -1/60 HPs)
             Began as a Tengu Fighter on Jan 28, 2019.
             Was the Champion of Zin.
             Slain by a troll (2 damage)
             ... while paralysed by an orc sorcerer
             ... on level 1 of the Orcish Mines.
             The game lasted 00:20:17 (9245 turns).

Amnesiac the Slicer (Tengu Fighter)                 Turns: 9245, Time: 00:20:18

Health: -1/60      AC: 15    Str: 20    XL:     10   Next: 90%
Magic:  17/17      EV:  2    Int: 11    God:    Zin [******]
Gold:   588        SH:  0    Dex: 14    Spells: 15/17 levels left

rFire    . . .     SeeInvis .   a - +2 short sword (elec)
rCold    . . .     Gourm    .   c - +0 shield
rNeg     . . .     Faith    .   h - +5 ring mail of the Journeyman {*Drain rPois Int+3}
rPois    +         Spirit   .   (helmet restricted)
rElec    .         Reflect  +   m - +0 cloak
rCorr    +         Harm     .   v - +1 pair of gloves
MR       .....                  (boots unavailable)
Stlth    ++........             i - +3 amulet of reflection
HPRegen  0.20/turn              o - ring of wizardry
MPRegen  0.15/turn              x - ring of resist corrosion

@: paralysed, flying quickly and evasively, quick
A: beak, talons 3, able to fly
a: Stop Flying, Recite, Vitalisation, Imprison, Sanctuary, Donate Gold, Renounce
Religion


You were on level 1 of the Orcish Mines.
You worshipped Zin.
Zin was exalted by your worship.
You were not hungry.

You visited 3 branches of the dungeon, and saw 11 of its levels.

You collected 653 gold pieces.
You donated 65 gold pieces to Zin.

Inventory:

Hand Weapons
 a - a +2 short sword of electrocution (weapon)
 b - a +3 dagger
Armour
 c - a +0 shield (worn)
 h - the +5 ring mail of the Journeyman (worn) {*Drain rPois Int+3}
   (You took it off a kobold on level 8 of the Dungeon)

   It affects your intelligence (+3).
   It protects you from poison.
   It causes draining when unequipped.
 m - a +0 cloak (worn)
 v - a +1 pair of gloves (worn)
 z - the +3 cloak of Kideilagum {MR++, unknown}
   (You found it on level 9 of the Dungeon)

   It affects your resistance to hostile enchantments.
Jewellery
 i - a +3 amulet of reflection (around neck)
 o - a ring of wizardry (left hand)
 x - a ring of resist corrosion (right hand)
Wands
 t - a wand of flame (7)
 D - a wand of enslavement (7)
Scrolls
 j - a scroll of fear {!r}
 k - a scroll of random uselessness {!r}
 p - 5 scrolls of teleportation {!r}
 r - a scroll of amnesia {!r}
 u - 3 scrolls of remove curse {!r}
 w - a scroll of brand weapon {!r, unknown}
 y - a scroll of fog {!r}
Potions
 d - 2 potions of might {!q}
 e - a potion of haste {!q}
 g - 4 potions of curing {!q}
 l - 2 potions of flight {!q}
 n - 2 potions of invisibility {!q}
 s - 3 potions of heal wounds {!q}
 A - a potion of berserk rage {!q}
 B - a potion of mutation {!q, unknown}
 C - a potion of ambrosia {!q, unknown}
 E - a potion of agility {!q, unknown}
Comestibles
 f - 12 rations
 q - 2 chunks of flesh


   Skills:
 + Level 6.2 Fighting
 - Level 8.0 Short Blades
 + Level 6.8 Armour
 + Level 6.8 Dodging
 + Level 5.7 Stealth
 + Level 6.2 Shields
 - Level 4.0 Spellcasting
 - Level 4.0 Hexes


You had 15 spell levels left.
You knew the following spells:

 Your Spells              Type           Power        Failure   Level  Hunger
a - Apportation           Tloc           #.....       41%         1    #......
z - Confusing Touch       Hex            ##....       9%          1    #......

Your spell library contained the following spells:

 Spells                   Type           Power        Failure   Level  Hunger
 Confuse                  Hex            ##......     26%         3    ###....
 Animate Skeleton         Necr           N/A          41%         1    #......
 Flame Tongue             Conj/Fire      #....        41%         1    #......
 Summon Small Mammal      Summ           #...         41%         1    #......
 Inner Flame              Hex/Fire       #.......     50%         3    ###....
 Throw Flame              Conj/Fire      #.....       54%         2    ##.....
 Conjure Flame            Conj/Fire      #.......     77%         3    ###....
 Gell's Gravitas          Tloc           #.........   77%         3    ###....
 Petrify                  Tmut/Erth      #.......     98%         4    #####..
 Sticky Flame             Conj/Fire      #.......     98%         4    #####..
 Metabolic Englaciation   Hex/Ice        #.........   99%         5    ######.
 Yara's Violent Unravell  Hex/Tmut       #.........   99%         5    ######.
 Fireball                 Conj/Fire      #.........   100%        5    ######.


Dungeon Overview and Level Annotations

Branches:
Dungeon (9/15)             Temple (1/1) D:4             Orc (1/2) D:9
   Lair: D:8-11

Altars:
Ashenzari
Cheibriados
Dithmenos
Elyvilon
Fedhas
Gozag
Hepliaklqana
Kikubaaqudgha
Makhleb
Nemelex Xobeh
Okawaru
Qazlal
Ru
Sif Muna
Trog
Uskayaw
Vehumet
Wu Jian
Xom
Yredelemnul
Zin
The Shining One

Shops:
D:7 *   D:9 *


Innate Abilities, Weirdness & Mutations

You have a beak for a mouth.
You have claws for feet.
You can fly continuously.


Message History

a cursed -3 dagger; a +0 leather armour
Things that are here:
a +0 dagger; a +0 hand axe
Things that are here:
a +0 trident; a +0 robe
There is a staircase to the Orcish Mines here.
You fly downwards.
Welcome to the Orcish Mines!
An orc wizard comes into view. It is wielding a +1 dagger of flaming.
The orc wizard shouts!
You hear a shout!
Found a stone staircase leading down.
There is a staircase back to the Dungeon here.
An orc warrior comes into view. It is wielding a +0 dire flail.
An orc wizard comes into view. It is wielding a +0 dagger.
A troll comes into view.
An orc sorcerer comes into view.
It is wielding a +2 dagger of protection. 2 orcs and an orc priest come into view.
An orc warrior comes into view. It is wielding a +0 battleaxe.
The orc moves out of view.
The troll shouts!
The orc shouts!
The orc warrior shouts!
You hit the orc wizard. You peck the orc wizard.
The orc wizard is moderately wounded.
You hear a shout! x2
You block the orc wizard's attack.
An orc warrior comes into view. It is wielding a +0 war axe.
The orc priest looks satisfied for a moment.
An orc knight comes into view. It is wielding a +1 glaive of chopping.
The orc sorcerer casts a spell at you.
You suddenly lose the ability to move!
The orc knight roars a battlecry!
The orcs go into a battle-frenzy!
The orc wizard hits you with a +1 dagger of flaming.
The orc wizard burns you.
The orc wizard hits you but does no damage.
The troll bites you! The troll claws you but does no damage.
The troll claws you.
The orc priest mumbles some strange prayers to Beogh against you.
Beogh smites you!
* * * LOW HITPOINT WARNING * * *
The orc wizard hits you but does no damage.
The orc sorcerer mumbles some strange words.
The troll bites you.
* * * LOW HITPOINT WARNING * * *
The troll claws you but does no damage. The troll claws you.
* * * LOW HITPOINT WARNING * * *
The orc wizard hits you but does no damage.
The orc warrior hits you but does no damage.
You hear a shout!
The orc priest looks braver for a moment.
The orc wizard hits you with a +1 dagger of flaming.
* * * LOW HITPOINT WARNING * * *
The orc wizard burns you.
* * * LOW HITPOINT WARNING * * *
The troll bites you.
* * * LOW HITPOINT WARNING * * *
The troll claws you but does no damage. x2
The orc wizard hits you but does no damage.
The orc warrior hits you with a +0 dire flail!
* * * LOW HITPOINT WARNING * * *
The orc wizard hits you with a +1 dagger of flaming!
* * * LOW HITPOINT WARNING * * *
The orc wizard burns you. Zin protects you from harm!
The troll bites you but does no damage. The troll claws you.
You die...

### ##.# ##..#
##...# # .
##....##.## ...
#.........##
....##....<.....#
#....T..##.....#
#....o@## #....#
#..oooo# ....#
#..o4.oo. ....#
....##.... ....#
..o #....# ####
.. ###... . .o..
....#


You could see an orc knight, an orange demon, a troll, an orc sorcerer, 3 orc
warriors, an orc priest, 2 orc wizards and 2 orcs.

Vanquished Creatures
  A two-headed ogre (D:7)
  Maurice (D:8)
  A komodo dragon (D:9)
  A wyvern (D:8)
  3 yaks (D:9)
  3 hungry ghosts (D:9)
  Edmund (D:6)
  A water moccasin (D:8)
  2 ice beasts
  3 orc warriors
  A hornet zombie (D:9)
  A sky beast (D:6)
  4 ogres
  3 centaurs
  A big kobold (D:8)
  3 bullfrogs
  A water moccasin zombie (D:5)
  A scorpion (D:7)
  2 troll zombies (D:9)
  4 killer bees (D:7)
  3 wights (D:6)
  5 howler monkeys
  5 crimson imps
  A centaur zombie (D:9)
  A quasit (D:8)
  2 hounds
  3 jellies
  A centaur skeleton (D:5)
  9 orc priests
  2 bullfrog skeletons
  An iguana (D:5)
  11 orc wizards
  A hell rat (D:7)
  3 worker ants
  2 killer bee zombies
  4 ogre zombies (D:9)
  A worker ant zombie (D:8)
  4 gnolls (D:5)
  11 adders
  9 river rats (D:7)
  3 oozes
  An adder skeleton (D:5)
  9 dart slugs
  3 leopard geckos
  28 orcs
  3 giant cockroaches
  5 goblins
  6 hobgoblins
  9 jackals
  11 kobolds
  17 quokkas
  A ball python (D:2)
  10 bats
  6 frilled lizards
  3 goblin zombies (D:9)
  2 hobgoblin skeletons (D:9)
  3 hobgoblin zombies (D:9)
  A leopard gecko skeleton (D:4)
  An orc skeleton (D:9)
  10 orc zombies (D:9)
  2 quokka zombies (D:5)
  21 rats
272 creatures vanquished.

Notes
Turn   | Place    | Note
-------+----------+-------------------------------------------
     0 | D:1      | Amnesiac the Tengu Fighter began the quest for the Orb.
     0 | D:1      | Reached XP level 1. HP: 14/14 MP: 2/2
   166 | D:2      | Reached XP level 2. HP: 17/19 MP: 3/3
   236 | D:2      | Reached skill level 1 in Dodging
   242 | D:2      | Found a blossoming altar of Fedhas.
   242 | D:2      | Found a deep blue altar of Sif Muna.
   242 | D:2      | Found a white marble altar of Elyvilon.
   302 | D:4      | Reached skill level 3 in Short Blades
   302 | D:4      | Reached XP level 3. HP: 23/23 MP: 4/4
   498 | D:5      | Entered Level 5 of the Dungeon
   499 | D:5      | Reached skill level 4 in Short Blades
   499 | D:5      | Reached XP level 4. HP: 28/28 MP: 5/5
   541 | D:6      | Noticed a sky beast
   568 | D:5      | HP: 1/28 [killer bee zombie (4)]
   592 | D:5      | Gained mutation: You can fly continuously. [Tengu growth]
   592 | D:5      | Reached XP level 5. HP: 20/32 MP: 6/6
   669 | D:5      | Noticed an ogre
   670 | D:5      | Found a snail-covered altar of Cheibriados.
   679 | D:5      | Killed an ogre
   679 | D:5      | Reached skill level 5 in Short Blades
   679 | D:5      | Reached XP level 6. HP: 25/37 MP: 7/7
   714 | D:6      | Found an iron altar of Okawaru.
   973 | D:5      | Reached skill level 6 in Short Blades
  1020 | D:5      | Learned a level 1 spell: Apportation
  1022 | D:5      | Learned a level 1 spell: Confusing Touch
  1094 | D:5      | Found an ancient bone altar of Kikubaaqudgha.
  1314 | D:4      | Reached skill level 7 in Short Blades
  1502 | D:4      | Reached XP level 7. HP: 41/41 MP: 8/8
  1544 | D:4      | Found a staircase to the Ecumenical Temple.
  1553 | Temple   | Entered the Ecumenical Temple
  1802 | Temple   | Became a worshipper of Zin the Law-Giver
  2174 | D:1      | Reached * piety under Zin
  3320 | D:3      | Reached ** piety under Zin
  4049 | D:5      | Reached skill level 8 in Short Blades
  4196 | D:5      | Found an iron altar of Okawaru.
  4196 | D:5      | Found a bloodstained altar of Trog.
  4578 | D:6      | Reached skill level 1 in Stealth
  4626 | D:6      | Reached XP level 8. HP: 46/46 MP: 10/10
  4657 | D:6      | Reached skill level 1 in Spellcasting
  4679 | D:6      | Reached skill level 1 in Hexes
  5410 | D:6      | Noticed Edmund
  5427 | D:6      | Killed Edmund
  5733 | D:7      | Reached XP level 9. HP: 30/52 MP: 13/13
  6358 | D:7      | Reached skill level 5 in Dodging
  6371 | D:7      | Reached skill level 5 in Armour
  6460 | D:7      | Reached *** piety under Zin
  6551 | D:7      | Found Fouff's Assorted Antiques.
  6796 | D:8      | Noticed Maurice
  6809 | D:8      | Killed Maurice
  6809 | D:8      | Reached skill level 5 in Fighting
  6809 | D:8      | Reached skill level 5 in Shields
  6834 | D:8      | Reached **** piety under Zin
  6891 | D:8      | Found a hazy altar of Hepliaklqana.
  7221 | D:8      | Reached XP level 10. HP: 44/59 MP: 16/16
  7449 | D:8      | Noticed a two-headed ogre
  7578 | D:7      | Killed a two-headed ogre
  7778 | D:8      | Identified the +5 ring mail of the Journeyman {*Drain rPois
                  | Int+3}
  7814 | D:8      | Reached ***** piety under Zin
  7853 | D:8      | Reached skill level 5 in Stealth
  8428 | D:9      | Found a staircase to the Orcish Mines.
  8498 | D:9      | Got a dazzling hunting sling
  8499 | D:9      | Identified the +1 hunting sling of Gemivola {freeze, Dex+4}
                  | (You found it on level 9 of the Dungeon)
  8635 | D:9      | Found Loohagg's General Store.
  8992 | D:9      | Reached ****** piety under Zin
  9050 | D:9      | Got a warped cloak
  9236 | Orc:1    | Entered Level 1 of the Orcish Mines
  9238 | Orc:1    | Noticed an orc sorcerer
  9240 | Orc:1    | Noticed an orc knight
  9240 | Orc:1    | Paralysed by an orc sorcerer for 6 turns
  9244 | Orc:1    | Noticed an orange demon
  9245 | Orc:1    | HP: 1/60 [orc wizard/+1 dagger of flaming (7)]
  9245 | Orc:1    | Zin protects you from harm!
  9245 | Orc:1    | Slain by a troll

Vault maps used:
D:1:      dpeg_arrival_rhombi, minmay_heptomino_d4
D:2:      gammafunk_temple_overflow_forgotten
D:4:      lemuel_temple_firewalk_a, first_ration
D:5:      kennysheep_slugbush, kennysheep_mini,
          grunt_temple_overflow_bloody_war, serial_undead, serial_undead_e,
          serial_undead_b, serial_undead_f, serial_undead_c,
          minmay_crystal_water, cheibriados_altar_1
D:6:      basic_altar, uniq_edmund
D:7:      lemuel_ratsnest, serial_shops, nicolae_shop_overgrown_old_shop
D:8:      minmay_cornered_nines, kennysheep_mini_moat, uniq_maurice
D:9:      zombieorc1_lemuel, serial_shops, shop
Temple:   minmay_temple_curvy_branch
Orc:1:    basic_altar, serial_shops, shop, abandoned_shop

Skill      XL: |  1  2  3  4  5  6  7  8  9 10 |
---------------+-------------------------------+-----
Dodging        | 1 2 3 4 5 6 |  6.8
Short Blades   | 3 4 5 7 8 |  8.0
Stealth        | 1 2 4 5 |  5.7
Spellcasting   | 2 3 4 |  4.0
Hexes          | 2 3 4 |  4.0
Armour         | 4 5 6 |  6.8
Fighting       | 4 5 6 |  6.2
Shields        | 4 5 6 |  6.2

Action                   |  1- 3 |  4- 6 |  7- 9 | 10-12 || total
-------------------------+-------+-------+-------+-------++-------
Melee: Rapier            |    41 |   117 |    56 |       ||   214
       Kick              |    13 |    24 |    98 |    71 ||   206
       Peck              |     3 |    19 |    76 |    50 ||   148
       Short sword       |       |       |   351 |   242 ||   593
       Dagger            |       |       |    12 |       ||    12
 Abil: Fly               |       |     1 |       |       ||     1
  Use: Potion            |       |     2 |     4 |       ||     6
       Scroll            |       |     5 |       |     5 ||    10
 Stab: Distracted        |       |       |       |     1 ||     1
       Sleeping          |       |       |       |     1 ||     1
  Eat: Chunk             |       |     2 |    13 |     5 ||    20
       Ration            |       |       |     1 |     1 ||     2
Armor: Scale mail        |    20 |    27 |    35 |       ||    82
       Chain mail        |       |       |    24 |    25 ||    49
       Ring mail         |       |       |       |    26 ||    26
Dodge: Dodged            |     8 |    35 |    94 |    65 ||   202
Block: Shield            |    21 |    47 |   152 |   110 ||   330
       Reflection        |       |       |     1 |    13 ||    14

Table legend:
 A = Non-vault XP
 B = Vault XP
 C = Vault XP percentage of total XP
 D = Non-vault monster count
 E = Vault monster count
 F = Vault count percentage of total count
                 A         B        C        D         E       F
            +---------+---------+-------+---------+---------+-------
      Total |    5938 |    2844 |  32.4 |     190 |      82 |  30.1
            +---------+---------+-------+---------+---------+-------
        D:1 |      32 |       4 |  11.1 |      22 |       3 |  12.0
        D:2 |      59 |       0 |   0.0 |      18 |       0 |   0.0
        D:3 |     125 |       0 |   0.0 |      15 |       0 |   0.0
        D:4 |     185 |       0 |   0.0 |      12 |       0 |   0.0
        D:5 |     493 |     148 |  23.1 |      26 |      13 |  33.3
        D:6 |     984 |     171 |  14.8 |      22 |       1 |   4.3
        D:7 |    1260 |    1189 |  48.6 |      21 |      34 |  61.8
        D:8 |    1316 |     552 |  29.6 |      32 |       3 |   8.6
        D:9 |    1484 |     780 |  34.5 |      22 |      28 |  56.0
            +---------+---------+-------+---------+---------+-------
